 Dungeon Crawl Stone Soup version 0.30-a0-1116-gebefce21f7 (webtiles) character file.

Game seed: 13636115829793577397

24 Jeffwins the Magician (level 3, 0/25 HPs)
             Began as a Human Wanderer on Apr 21, 2023.
             Succumbed to an adder's poison
             ... on level 2 of the Dungeon.
             The game lasted 00:03:24 (854 turns).

Jeffwins the Magician (Human Wanderer)               Turns: 854, Time: 00:03:24

Health: 0/25       AC:  6    Str: 19    XL:     3   Next: 15%
Magic:  7/7        EV:  9    Int: 15    God:
Gold:   71         SH:  0    Dex: 10    Spells: 5/8 levels left

rFire   . . .      SeeInvis .    d - staff of air
rCold   . . .      Faith    .    (no shield)
rNeg    . . .      Spirit   .    c - +0 scale mail
rPois   .          Reflect  .    (no helmet)
rElec   +          Rampage  .    (no cloak)
rCorr   .                        (no gloves)
Will    .....                    (no boots) Stlth
                                 (no amulet)
HPRegen 0.24/turn                S - +6 ring of strength
MPRegen 0.10/turn                (no ring)

@: lethally poisoned (0 -> -9), flying, hasted, very quick
A: no striking features
a: no special abilities


You were on level 2 of the Dungeon.
You visited 1 branch of the dungeon, and saw 2 of its levels.

You collected 71 gold pieces.


   Skills:
 + Level 0.5 Fighting
 + Level 3.1 Armour
 + Level 1.1 Stealth
 * Level 3.2 Spellcasting
 * Level 1.2 Conjurations
 * Level 1.0 Fire Magic
 * Level 0.3 Air Magic
 + Level 1.1 Evocations


You had 5 spell levels left.
You knew the following spells:

 Your Spells              Type           Power      Damage    Failure   Level
z - Sting                 Tmut/Pois      8%         1d3       52%         1
X - Scorch                Fire           10%        2d5       52%         2

Your spell library contained the following spells:

 Spells                   Type           Power      Damage    Failure   Level
 Searing Ray              Conj           12%        2d4       47%         2
 Static Discharge         Conj/Air       14%        2-3/arc   54%         2
 Blink                    Tloc           4%         N/A       65%         2
 Stone Arrow              Conj/Erth      8%         3d7       80%         3
 Ozocubu's Armour         Ice            2%         N/A       87%         3
 Manifold Assault         Tloc           2%         N/A       99%         4
 Storm Form               Tmut/Air       2%         N/A       100%        7

Inventory:

Hand Weapons
 a - a +0 club
Armour
 c - a +0 scale mail (worn)
 e - a +0 leather armour
Magical Staves
 d - a staff of air (weapon)
Jewellery
 S - a +6 ring of strength (left hand)
Scrolls
 b - 2 scrolls of fog
 g - a scroll of enchant weapon {unknown}
 i - a scroll of vulnerability {unknown}
Potions
 f - a potion of magic {unknown}
 j - a potion of degeneration {unknown}

Dungeon Overview and Level Annotations

Branches:
Dungeon (2/15)

Altars:

Shops:
D:1

[ #####.#
######.....######
..............>.#
..#.#.#.#..####...
....(.......##
..#.#.#.#....#
............##
..#.#.#.#..##
...!.rS@...#
..#.#.#.#..#
..........+#
.....#.##...
.###.#. ..... #
##.......#
....$... .........


You could see an adder and a rat.


Message History

* * * LOW HITPOINT WARNING * * *
You are lethally poisoned!
The adder poisons you! The adder closely misses you.
You hit the adder but do no damage.
The adder is heavily wounded.
* * * LOW HITPOINT WARNING * * *
You feel very sick.
The adder bites you but does no damage. x2
Unknown command.
You barely miss the adder.
The adder is heavily wounded.
* * * LOW HITPOINT WARNING * * *
You feel sick. The adder closely misses you.
Unknown command.
You completely miss the adder.
The adder is heavily wounded.
* * * LOW HITPOINT WARNING * * *
You feel sick. The adder bites you but does no damage.
The adder completely misses you.
Unknown command.
It was a potion of haste.
You feel yourself speed up.
* * * LOW HITPOINT WARNING * * *
You feel sick. The adder bites you.
* * * LOW HITPOINT WARNING * * *
You are more poisoned.
The adder poisons you!
It was a potion of flight.
You feel very buoyant.
You fly up into the air.
You die...

Skill      XL: |  1  2  3 |
---------------+----------+-----
Fire Magic     | 1 |  1.0
Fighting       | |  0.5
Armour         | |  3.1
Stealth        | |  1.1
Spellcasting   | |  3.2
Conjurations   | |  1.2
Air Magic      | |  0.3
Evocations     | |  1.1

Action                     || total
---------------------------++-------
  Melee: Club              ||    26
         Staff             ||    60
    Use: Potion            ||     2
 Armour: Scale mail        ||    50
  Dodge: Dodged            ||    44

Levels and vault maps discovered:
D:1:      matt_arrival_grand_opening, layout_basic, serial_shops, shop
D:2:      minmay_spotlight, layout_loops_corners, serial_glass, glass_columns_c,
          glass_columns_a, grunt_ministairs_14

Notes
Turn   | Place    | Note
-------+----------+-------------------------------------------
     0 | D:1      | Jeffwins the Human Wanderer began the quest for the Orb.
     0 | D:1      | Jeffwins set off with the following items: a +0 club, a
                  | scroll of fog, a +0 scale mail; and the following spell
                  | memorised: Sting; and the following spells available to
                  | memorise: Searing Ray, Static Discharge, Scorch, Stone
                  | Arrow, Ozocubu's Armour.
     0 | D:1      | Reached XP level 1. HP: 13/13 MP: 4/4
    58 | D:1      | Found Nasar's Armour Shop.
   255 | D:1      | Reached XP level 2. HP: 19/19 MP: 6/6
   258 | D:1      | Learned a level 2 spell: Scorch
   532 | D:1      | Reached XP level 3. HP: 23/25 MP: 7/7
   816 | D:2      | Reached skill level 1 in Fire Magic
   853 | D:2      | HP: 2/25 [adder (2)]
   854 | D:2      | Succumbed to an adder's poison

Vanquished Creatures
  3 dart slugs
  2 goblins (D:1)
  3 hobgoblins (D:1)
  4 ball pythons
  A frilled lizard (D:1)
  4 kobolds (D:1)
  2 rats (D:1)
19 creatures vanquished.

Table legend: (Time is in decaauts)
 A = Elapsed time spent in this place.
 B = Non-inter-level travel time spent in this place.
 C = Inter-level travel time spent in this place.
 D = Time resting spent in this place.
 E = Time spent auto-exploring this place.
 F = Levels seen in this place.
 G = Mean time per level.
                   A        B        C        D        E       F      G
               +--------+--------+--------+--------+--------+-----+--------+
         Total |    872 |    861 |     11 |      0 |    646 |   2 |  436.0 |
       Dungeon |    872 |    861 |     11 |      0 |    646 |   2 |  436.0 |
               +--------+--------+--------+--------+--------+-----+--------+

Top non-repeatable levels by time:
     D:1: 700 daAuts
     D:2: 172 daAuts

Table legend:
 A = Non-vault XP
 B = Vault XP
 C = Vault XP percentage of total XP
 D = Non-vault monster count
 E = Vault monster count
 F = Vault count percentage of total count
                 A         B        C        D         E       F
            +---------+---------+-------+---------+---------+-------
      Total |      35 |       0 |   0.0 |      19 |       0 |   0.0
            +---------+---------+-------+---------+---------+-------
        D:1 |      30 |       0 |   0.0 |      17 |       0 |   0.0
        D:2 |       5 |       0 |   0.0 |       2 |       0 |   0.0
            +---------+---------+-------+---------+---------+-------
